 Dungeon Crawl Stone Soup version 0.27-a0-1245-g940ed4fa31 (webtiles) character file.

Game seed: 10455940663588359202

0 rabbitsville the Caller (level 1, -1/13 HPs)
             Began as a Merfolk Summoner on June 10, 2021.
             Slain by a quokka (2 damage)
             ... on level 1 of the Dungeon.
             The game lasted 00:02:25 (114 turns).

rabbitsville the Caller (Merfolk Summoner)           Turns: 114, Time: 00:02:27

Health: -1/13      AC:  3    Str:  8    XL:     1   Next: 10%
Magic:  2/3        EV: 12    Int: 14    God:
Gold:   5          SH:  0    Dex: 14    Spells: 3/4 levels left

rFire    . . .     SeeInvis .   (no weapon)
rCold    . . .     Faith    .   (no shield)
rNeg     . . .     Spirit   .   a - +1 robe
rPois    .         Reflect  .   (no helmet)
rElec    .         Harm     .   (no cloak)
rCorr    .         Rampage  .   (no gloves)
Will     .....                  (no boots)
Stlth    ++........             (no amulet)
HPRegen  0.04/turn              (no ring)
MPRegen  0.08/turn              (no ring)

@: no status effects
A: (nimble swimmer 2), mertail
a: no special abilities


You were on level 1 of the Dungeon.
You visited 1 branch of the dungeon, and saw 1 of its levels.

You collected 5 gold pieces.

Inventory:

Missiles
 c - 27 arrows
Armour
 a - a +1 robe (worn)


   Skills:
 + Level 2.6 Dodging
 + Level 2.1 Stealth
 + Level 2.0 Spellcasting
 + Level 4.0 Summonings


You had 3 spell levels left.
You knew the following spells:

 Your Spells              Type           Power      Damage    Failure   Level
a - Summon Small Mammal   Summ           48%        N/A       4%          1

Your spell library contained the following spells:

 Spells                   Type           Power      Damage    Failure   Level
 Call Imp                 Summ           12%        N/A       7%          2
 Call Canine Familiar     Summ           12%        N/A       14%         3
 Summon Guardian Golem    Hex/Summ       7%         N/A       30%         3
 Summon Ice Beast         Ice/Summ       7%         N/A       71%         4
 Summon Lightning Spire   Summ/Air       7%         N/A       71%         4


Dungeon Overview and Level Annotations

Branches:
Dungeon (1/15)

Altars:


Innate Abilities, Weirdness & Mutations

((You are quick and stealthy near water. (Stealth+, EV+, Speed+++)))
Your lower body shifts to a powerful aquatic tail in water.


Message History

You hit the quokka but do no damage.
Your bat closely misses the quokka.
The quokka barely misses you.
You closely miss the quokka.
Your bat hits the quokka but does no damage. x2
The quokka barely misses you.
Your bat hits the quokka but does no damage.
You miss the quokka.
Your bat hits the quokka but does no damage.
The quokka bites you.
Your bat hits the quokka but does no damage.
The quokka misses you.
Casting: Summon Small Mammal (safe; 4% risk of failure)
Confirm with . or Enter, or press ? or * to list all spells.
Your bat closely misses the quokka.
The quokka barely misses you.
Your bat hits the quokka but does no damage.
The quokka bites you.
Your bat barely misses the quokka.
Your bat hits the quokka but does no damage.
Your bat hits the quokka. x2; The quokka barely misses your bat.
Your bat hits the quokka but does no damage.
Your bat completely misses the quokka.
Your bat hits the quokka but does no damage.
The quokka bites you.
* * * LOW HITPOINT WARNING * * *
Your bat closely misses the quokka. x2; The quokka barely misses you.
Your bat hits the quokka but does no damage.
Your bat closely misses the quokka.
You hit the quokka but do no damage.
The quokka is moderately wounded.
Your bat hits the quokka but does no damage.
The quokka misses you.
You barely miss the quokka.
The quokka is moderately wounded.
Your bat closely misses the quokka.
The quokka barely misses you.
You miss the quokka.
The quokka is moderately wounded.
Your bat closely misses the quokka.
Your bat hits the quokka. The quokka bites you.
* * * LOW HITPOINT WARNING * * *
The quokka bites you.
You die...

#.#...#[..^.....<.......
###.#....#.#.............#
.........##.............#
#........#.............# #
##........##...........## ...
#....b....#≈#.........#≈#
....#.........#≈≈#.......#≈≈#
............r.#######.#######
..........b.@......#...#.....
.....##.............#.#......
.... ##...#####.....#..#..#.
... ##.## ##.##...## ## #J
#.# #.###.## # #.. #.# ###
#... #.# #.#.# #.# #.#


You could see a quokka (ally target) and 2 friendly bats.

Vanquished Creatures (collateral kills)
  A bat (D:1)
1 creature vanquished.

Notes
Turn   | Place    | Note
-------+----------+-------------------------------------------
     0 | D:1      | rabbitsville the Merfolk Summoner began the quest for the
                  | Orb.
     0 | D:1      | Reached XP level 1. HP: 13/13 MP: 3/3
   114 | D:1      | Slain by a quokka

Illustrated notes

Levels and vault maps discovered:
D:1:      psy_arrival_dodecagon, layout_loops_ring, serial_shops, shop,
          shop_fountains, shop, shop_fountains,
          shapermc_ecumenical_altar_mp_ritualfount, st_stairs_12

Action                   || total
-------------------------++-------
Melee: Unarmed           ||     7
 Cast: Summon Small Mamm ||     3
  Use: Scroll            ||     2
Armor: Robe              ||     3
Dodge: Dodged            ||     8

Table legend: (Time is in decaauts)
 A = Elapsed time spent in this place.
 B = Non-inter-level travel time spent in this place.
 C = Inter-level travel time spent in this place.
 D = Time resting spent in this place.
 E = Time spent auto-exploring this place.
 F = Levels seen in this place.
 G = Mean time per level.
                   A        B        C        D        E       F      G
               +--------+--------+--------+--------+--------+-----+--------+
         Total |    114 |    114 |      0 |      0 |      0 |   1 |  114.0 |
       Dungeon |    114 |    114 |      0 |      0 |      0 |   1 |  114.0 |
               +--------+--------+--------+--------+--------+-----+--------+

Top non-repeatable levels by time:
     D:1: 114 daAuts
